 Dungeon Crawl Stone Soup version bcrawl-1.40.3b (webtiles) character file.

Game seed: 7555871687294070333

390685 Finalfun the Cleaver (level 10, -7/121 HPs)
             Began as a Minotaur Archaeologist on Mar 17, 2024.
             Was a Follower of Qazlal.
             Mangled by a death yak (14 damage)
             ... on level 7 of the Dungeon.
             The game lasted 00:13:14 (5726 turns).

Finalfun the Cleaver (Minotaur Archaeologist)       Turns: 5726, Time: 00:13:15

Health: -7/121     AC: 25    Str: 18    XL:     10   Next: 11%
Magic:  9/9        EV:  1    Int: 11    God:    Qazlal [*.....]
Gold:   563        SH:  6    Dex: 19    Spells: 9/9 levels left

rFire    . . .     GDR:     48% G - +3 hand axe
rCold    . . .     SeeInvis .   P - +0 buckler
rNeg     + + +     Gourm    .   (armour currently unavailable)
rPois    +         Faith    .   (helmet currently unavailable)
rElec    .         Spirit   .   (cloak currently unavailable)
rCorr    .         Reflect  .   (gloves currently unavailable)
MR       +....     NoTele   +   (boots currently unavailable)
Stlth    +++.......             B - amulet of the acrobat
HPRegen  0.30/turn              L - ring of protection from magic
MPRegen  0.11/turn              x - +4 ring of dexterity

@: agile, tree-form, hasted, very quick
A: giant, (retaliatory headbutt)
a: Renounce Religion


You were on level 7 of the Dungeon.
You worshipped Qazlal.
Qazlal was aware of your devotion.
You were hungry.
You were a tree.
You visited 2 branches of the dungeon, and saw 8 of its levels.

You collected 563 gold pieces.

Inventory:

Hand Weapons
 b - a +0 blowgun
 D - a +0 war axe
 G - a +3 hand axe (weapon)
Missiles
 c - 1096 stones
 f - 6 curare-tipped needles
 n - 142 poisoned needles
 w - 83 tomahawks of dispersal {=f}
 M - 23 poisoned tomahawks (quivered)
Armour
 a - the +0 hat "Kileda" (melded) {rElec Slay+3}
   (You acquired it on level 3 of the Dungeon)

   It affects your accuracy and damage with ranged weapons and melee attacks
   (+3).
   It insulates you from electricity.
 k - a +0 pair of gloves (melded)
 o - a +1 pair of boots (melded)
 u - a +0 chain mail (melded)
 P - a +0 buckler (worn)
Jewellery
 h - an uncursed ring of resist corrosion
 x - a +4 ring of dexterity (right branch)
 B - an amulet of the acrobat (around neck)
 L - a ring of protection from magic (left branch)
 Q - an uncursed ring of see invisible {unknown}
Wands
 t - a wand of random effects (10)
 y - a wand of polymorph (7)
 K - a wand of digging (11)
Scrolls
 d - 2 scrolls of enchant weapon {unknown}
 g - 2 scrolls of revelation
 i - a scroll of identify
 j - 3 scrolls of teleportation
 l - 3 scrolls of remove curse
 m - a scroll of amnesia {unknown}
 s - 2 scrolls of fog {unknown}
 v - 2 scrolls of enchant armour {unknown}
 F - 3 scrolls of fear {unknown}
 I - 2 scrolls of noise {unknown}
 O - a scroll of immolation {unknown}
Potions
 p - 4 potions of agility
 r - a potion of brilliance
 z - a potion of cancellation
 C - a potion of lignification
 E - a potion of flight
 H - a potion of haste
 J - a potion of might {unknown}
 N - a potion of mutation {unknown}
Comestibles
 e - 6 rations {!d}
 q - 3 chunks of flesh


   Skills:
 - Level 5.0 Fighting
 + Level 13.9 Axes
   Level 1.2(9.3) Maces & Flails
 - Level 5.0 Armour
 - Level 4.0 Dodging
 - Level 2.6 Stealth
 + Level 6.0 Shields


You had 9 spell levels left.
You didn't know any spells.
Your spell library contained the following spells:

 Spells                   Type           Power        Failure   Level  Hunger
 Flame Tongue             Conj/Fire      #....        54%         1    None
 Flaming Arrows           Chrm/Fire      #.......     67%         2    ####...
 Conjure Flame            Conj/Fire      #.......     88%         3    #####..
 Inner Flame              Hex/Fire       N/A          88%         3    #####..
 Sticky Flame             Conj/Fire      #.......     99%         4    ######.
 Fireball                 Conj/Fire      #.........   100%        5    #######


Dungeon Overview and Level Annotations

Branches:
Dungeon (7/12)             Temple (1/1) D:4
   Lair: D:7-9

Altars:
Cheibriados
Dithmenos
Elyvilon
Fedhas
Gozag
Hepliaklqana
Kikubaaqudgha
Lugonu
Makhleb
Nemelex Xobeh
Okawaru
Qazlal
Ru
Sif Muna
Trog
Uskayaw
Vehumet
Wu Jian
Xom
Yredelemnul
Zin
The Shining One

Annotations:
D:3 1 runed door


Innate Abilities, Weirdness & Mutations

((You reflexively headbutt those who attack you in melee.))
((You have a pair of horns on your head.))


Message History

You barely miss the death yak.
The death yak is severely wounded.
You barely miss the death yak. You hit the black bear.
You block the black bear's attack. x2; The black bear claws you.
* * * LOW HITPOINT WARNING * * *
The death yak gores you but does no damage. x2
Okay, then.
You hit the death yak but do no damage.
The death yak is severely wounded.
You barely miss the black bear. You hit the death yak but do no damage.
You hit the death yak but do no damage.
The death yak is severely wounded.
You slash the black bear! You hit the death yak but do no damage.
The black bear bites you but does no damage.
You block the black bear's attack.
The black bear claws you but does no damage.
You hit the death yak but do no damage.
The death yak is severely wounded.
You hit the death yak. You slash the black bear! The death yak gores you!
You die...

#......# ## ........
#......# .. #.......
.......# #.##.......
......### ## ..#.......
.......# #.###.#.......
......#####.÷.##.#.......
.....r#.....# #.....##.#
#...hYY)...# #.....##+#
.... #♣○...# #..##.....
..#..#h†....# #..##....(
..#...#.....# #..##.....
............# #..##.....
#.......##'####..##...[.
##............#...####.# #
#.#...........#.#.###...
...##...........#.#..##...
...###.......####.##.##...


You could see 2 death yaks, a black bear, a quokka and a jackal.

Vanquished Creatures
  A death yak (D:7)
  A cyclops (D:6)
  4 hippogriffs
  Sigmund (D:6)
  A steam dragon (D:6)
  Menkaure (D:7)
  A porcupine (D:7)
  A black bear (D:7)
  An ice beast (D:7)
  2 sky beasts
  A phantom (D:6)
  An ogre (D:7)
  2 bullfrogs
  Blork the orc (D:6)
  A kobold brigand (D:5)
  2 centaurs
  2 scorpions (D:4)
  A water moccasin skeleton (D:4)
  An orc priest (D:4)
  A howler monkey (D:6)
  A crimson imp (D:7)
  A bullfrog zombie (D:5)
  2 bullfrog skeletons
  5 hounds
  A jelly (D:6)
  4 orc wizards
  A gnoll shaman (D:4)
  Natasha (thrice) (D:3)
  4 worker ants
  A hound skeleton (D:4)
  6 adders
  8 gnolls
  2 oozes
  4 worms
  2 dart slugs (D:1)
  4 leopard geckos
  20 orcs
  5 giant cockroaches
  4 goblins
  10 hobgoblins
  5 jackals
  2 quokkas
  2 ball pythons
  8 bats
  2 frilled lizards
  7 kobolds
  4 rats
145 creatures vanquished.

Notes
Turn   | Place    | Note
-------+----------+-------------------------------------------
     0 | D:1      | Finalfun the Minotaur Archaeologist began the quest for the
                  | Orb.
     0 | D:1      | Reached XP level 1. HP: 16/16 MP: 0/0
   229 | D:1      | Reached XP level 2. HP: 21/23 MP: 1/1
   876 | D:2      | Reached XP level 3. HP: 27/30 MP: 2/2
  1155 | D:2      | Found a burning altar of Makhleb.
  1159 | D:2      | Reached XP level 4. HP: 40/40 MP: 3/3
  1752 | D:3      | Reached skill level 5 in Fighting
  1752 | D:3      | Reached skill level 1 in Armour
  1844 | D:3      | Reached XP level 5. HP: 48/48 MP: 4/4
  1844 | D:3      | Identified a scroll of acquirement
  1857 | D:3      | Identified the +0 hat "Kileda" {rElec Slay+3} (You acquired
                  | it on level 3 of the Dungeon)
  1857 | D:3      | Identified the ring "Doumik" {Wiz rPois rN+ Str-5 SInv}
                  | (You acquired it on level 3 of the Dungeon)
  2014 | D:3      | Noticed Natasha
  2016 | D:3      | Killed Natasha
  2017 | D:3      | Reached skill level 1 in Axes
  2100 | D:3      | Noticed Natasha
  2106 | D:3      | Killed Natasha
  2259 | D:3      | Noticed Natasha
  2266 | D:3      | Killed Natasha
  2267 | D:3      | Reached skill level 2 in Axes
  2511 | D:3      | Found a runed door.
  2829 | D:4      | Reached XP level 6. HP: 56/56 MP: 5/5
  2918 | D:4      | Reached skill level 3 in Axes
  3090 | D:4      | Reached skill level 4 in Axes
  3171 | D:4      | Reached skill level 5 in Armour
  3171 | D:4      | Reached XP level 7. HP: 61/61 MP: 6/6
  3308 | D:4      | Reached skill level 5 in Axes
  3314 | D:4      | Found a staircase to the Ecumenical Temple.
  3323 | Temple   | Entered the Ecumenical Temple
  3390 | Temple   | Became a worshipper of Qazlal Stormbringer
  3955 | D:5      | Entered Level 5 of the Dungeon
  4050 | D:5      | Reached skill level 6 in Axes
  4107 | D:5      | Noticed a hippogriff
  4117 | D:5      | Killed a hippogriff
  4118 | D:5      | Reached skill level 7 in Axes
  4156 | D:5      | Reached skill level 8 in Axes
  4156 | D:5      | Reached XP level 8. HP: 61/68 MP: 7/7
  4260 | D:6      | Noticed Sigmund
  4265 | D:6      | Killed Sigmund
  4266 | D:6      | Reached skill level 9 in Axes
  4328 | D:6      | Noticed a hippogriff
  4335 | D:6      | Killed a hippogriff
  4336 | D:6      | Reached skill level 10 in Axes
  4416 | D:6      | Noticed Blork the orc
  4419 | D:6      | Noticed a cyclops
  4438 | D:6      | Killed Blork the orc
  4459 | D:6      | Killed a cyclops
  4460 | D:6      | Reached skill level 11 in Axes
  4460 | D:6      | Reached XP level 9. HP: 28/74 MP: 8/8
  4472 | D:6      | Reached skill level 12 in Axes
  4675 | D:6      | Reached * piety under Qazlal
  4950 | D:6      | Found an iron altar of Okawaru.
  5258 | D:7      | Noticed Menkaure
  5271 | D:7      | Killed Menkaure
  5272 | D:7      | Reached skill level 1 in Shields
  5498 | D:7      | Reached skill level 13 in Axes
  5626 | D:7      | Found an iron altar of Okawaru.
  5684 | D:7      | Noticed a death yak
  5684 | D:7      | Noticed a death yak
  5688 | D:7      | Noticed a death yak
  5703 | D:7      | Reached skill level 5 in Shields
  5704 | D:7      | Killed a death yak
  5705 | D:7      | Reached XP level 10. HP: 27/81 MP: 9/9
  5726 | D:7      | Mangled by a death yak

Skill      XL: |  1  2  3  4  5  6  7  8  9 10 |
---------------+-------------------------------+-----
Dodging        | 4 |  4.0
Fighting       | 2 4 5 |  5.0
Armour         | 1 3 5 |  5.0
Axes           | 2 4 8 11 13 | 13.9
Shields        | 5 6 |  6.0
Maces & Flails | |  1.2
Stealth        | |  2.6

Action                   |  1- 3 |  4- 6 |  7- 9 | 10-12 || total
-------------------------+-------+-------+-------+-------++-------
Melee: Whip              |    80 |    81 |       |       ||   161
       Headbutt          |    14 |    27 |    42 |       ||    83
       Hand axe          |       |    84 |   202 |    20 ||   306
Throw: Tomahawk          |       |       |    21 |       ||    21
  Use: Scroll            |     2 |     6 |     3 |       ||    11
       Potion            |       |       |     5 |     2 ||     7
 Stab: Sleeping          |     2 |       |       |       ||     2
  Eat: Chunk             |     3 |     7 |     9 |       ||    19
       Ration            |       |     1 |     1 |       ||     2
Armor: Robe              |    27 |       |       |       ||    27
       Chain mail        |    26 |    91 |    70 |       ||   187
       Skin              |       |       |    28 |    19 ||    47
Dodge: Dodged            |    65 |    65 |    95 |     1 ||   226
Block: Buckler           |       |       |    17 |     8 ||    25
       Other             |       |       |     1 |       ||     1
